Cogmind - Beta 10.2 *** ADVENTURER MODE // 2020.11.10 @ 22:20:29 // Halloween2020/ForbiddenLore Player: Luigi Panache Result: Self-destructed Performance ------------- Evolutions (4) 2000 Regions Visited (11) 2200 Robots Destroyed (90) 450 Value Destroyed (3907) 3907 Prototype IDs (28) 560 Alien Tech Used (0) 0 Bonus (1076) 1076 TOTAL SCORE: 10193 Bonus ------- Follower Combat Kills 35 Entered Garrisons 400 Used RIF Installer 1000 Aligned with FarCom 300 Friendly Fire -659 Cogmind --------- Core Integrity 850/850 Matter 259/300 Energy 500/500 System Corruption 0% Temperature Cool (0) Movement Walking (150) Ox1 Location -6/Factory Parts ------- > --- POWER (2) -------- Light Deuterium Engine Light Nuclear Core > --- PROPULSION (4) --- Aluminum Leg Aluminum Leg Carbon-fiber Leg Carbon-fiber Leg > --- UTILITY (7) ------ High-capacity Storage Unit Large Battery Enhanced Optical Array Cloak of Protection Relay Coupler [Grunt] (31) > --- WEAPON (2) ------- Advanced Beam Rifle Datajack > --- INVENTORY (12) --- Aluminum Leg Relay Coupler [NC] (32) Relay Coupler [NC] (47) Relay Coupler [Grunt] (43) Relay Coupler [Grunt] (40) Relay Coupler [Hunter] (17) High-powered Shotgun High-powered Shotgun Flak Gun Mini Assault Cannon Greatsword Peak State ------------ > --- POWER ------------ Light Deuterium Engine Light Nuclear Core > --- PROPULSION ------- Aluminum Leg Aluminum Leg Carbon-fiber Leg Carbon-fiber Leg > --- UTILITY ---------- High-capacity Storage Unit Humpback Large Battery Enhanced Optical Array Cloak of Protection Relay Coupler [Grunt] > --- WEAPON ----------- Advanced Beam Rifle Rocket Launcher > --- INVENTORY -------- Light Nuclear Core Aluminum Leg Aluminum Leg Improved Heat Sink Improved Weapon Shielding Relay Coupler [NC] Relay Coupler [NC] Relay Coupler [NC] Relay Coupler [Grunt] Relay Coupler [Grunt] Relay Coupler [Grunt] Relay Coupler [Sentry] Relay Coupler [Demolisher] Relay Coupler [Hunter] Relay Coupler [Hunter] Relay Coupler [Hunter] Advanced Beam Rifle Advanced Beam Rifle High-powered Shotgun High-powered Shotgun Gauss Rifle Flak Gun Flak Gun Mini Assault Cannon Datajack Plasma Cutter Plasma Cutter Greatsword [Rating: 48] Favorites ----------- Power Improved Ion Engine Engine Improved Ion Engine Power Core Light Nuclear Core Propulsion Aluminum Leg Treads Advanced Treads Leg Aluminum Leg Utility Humpback Device Improved Heat Sink Storage Humpback Processor Terrain Scan Processor Hackware Relay Coupler [NC] Protection Hardened Light Armor Plating Weapon Heavy Assault Rifle Energy Gun Advanced Beam Rifle Energy Cannon Guided Plasma Cannon Ballistic Gun Heavy Assault Rifle Ballistic Cannon Mini Assault Cannon Launcher Grenade Launcher Special Weapon Plasma Cutter Slashing Weapon Greatsword Special Melee Weapon Datajack Build | -11 -10 -10 -10 -9 -8 -8 -8 -7 -7 -7 -6 ------- Run | Scr Mat Min Exi Min Mat Gar Mat Fac Gar Fac Fac Slots Evolved 8 | . . . . . 4 . . 2 . . 2 Power 1 | . . . . . . . . . . . 1 Propulsion 2 | . . . . . 2 . . . . . . Utility 5 | . . . . . 2 . . 2 . . 1 Weapon . | . . . . . . . . . . . . Parts Attached 101 | 8 13 . 8 3 7 11 22 2 6 17 4 Power 9 | 1 1 . 1 1 . 2 . . . 2 1 Engine 5 | 1 1 . . . . 1 . . . 2 . Core 4 | . . . 1 1 . 1 . . . . 1 Reactor . | . . . . . . . . . . . . Propulsion 25 | 2 1 . . 2 3 4 6 . 4 3 . Treads 5 | . . . . 1 . . 4 . . . . Leg 20 | 2 1 . . 1 3 4 2 . 4 3 . Wheel . | . . . . . . . . . . . . Hover . | . . . . . . . . . . . . Flight . | . . . . . . . . . . . . Utility 30 | 3 8 . 4 . 2 1 3 2 1 4 2 Device 8 | 1 1 . 1 . . . . 1 1 2 1 Storage 12 | 2 4 . 2 . . 1 2 . . 1 . Processor 3 | . 2 . . . . . . . . 1 . Hackware 2 | . . . . . . . 1 . . . 1 Protection 5 | . 1 . 1 . 2 . . 1 . . . Artifact . | . . . . . . . . . . . . Weapon 37 | 2 3 . 3 . 2 4 13 . 1 8 1 Energy Gun 9 | 1 1 . . . . 1 2 . 1 3 . Energy Cannon 3 | . . . 1 . 1 1 . . . . . Ballistic Gun 12 | 1 2 . 2 . 1 1 5 . . . . Ballistic Cannon 1 | . . . . . . . . . . 1 . Launcher 2 | . . . . . . 1 . . . 1 . Special Weapon 2 | . . . . . . . 2 . . . . Impact Weapon . | . . . . . . . . . . . . Slashing Weapon 2 | . . . . . . . 2 . . . . Piercing Weapon . | . . . . . . . . . . . . Special Melee Weapon 6 | . . . . . . . 2 . . 3 1 Unidentified Prototypes 2 | . . . . . . . 1 . . 1 . Parts Lost 11 | . . . . . . 4 . . 5 1 1 Power . | . . . . . . . . . . . . Propulsion 5 | . . . . . . 2 . . 3 . . Utility 3 | . . . . . . . . . 1 1 1 Weapon 3 | . . . . . . 2 . . 1 . . Highest Loss Streak 2 | . . . . . . 2 . . 2 1 1 Average Slot Usage (%) 88 | . 99 100 87 85 76 83 81 92 90 90 93 Engine 7 | . 14 14 6 . . 2 9 7 7 6 6 Core 3 | . . . 7 14 9 6 . . . . 6 Treads 7 | . . . . 5 3 . 25 30 19 1 . Leg 23 | . 27 28 28 22 25 34 10 . 8 28 26 Device 3 | . 11 . 2 . . . . 7 7 6 6 Storage 15 | . 11 28 14 14 9 12 17 15 15 22 20 Hackware 1 | . . . . . . . 3 7 7 7 6 Protection 2 | . 1 . . . 11 11 . 7 6 . . Energy Gun 4 | . 8 . . . . 1 2 15 15 12 6 Energy Cannon 4 | . . . 10 14 9 10 . . . . . Ballistic Gun 10 | . 19 28 17 14 9 1 7 . . . . Naked Turns . | . . . . . . . . . . . . Heaviest Build 183 | 17 59 59 98 99 106 183 174 134 134 130 139 Greatest Support 88 | 20 20 20 20 30 50 50 88 88 88 50 50 Greatest Overweight (x) 7 | 1 2 2 4 4 5 3 7 1 5 3 2 Average Overweight (x) 2 | . 1 2 2 3 2 2 1 1 1 2 2 Largest Inventory Capacity 44 | 8 18 18 24 24 24 44 44 32 32 32 32 Average Capacity 25 | 6 10 18 18 24 24 31 38 32 32 32 32 Most Carried 44 | 6 14 17 22 22 24 37 44 31 32 32 31 Average Carried 22 | 4 8 15 14 20 21 27 34 30 31 32 29 Final Capacity 44 | 6 18 18 24 24 24 44 32 32 32 32 12 Final Carried 37 | 6 14 17 19 22 24 37 32 30 32 32 12 Class Distribution -------------------- 49% | Hauler-Mutant 27% | Mutant 23% | Bothacker-Mutant Dominant Class ---------------- Mutant | -10/Materials Mutant | -10/Mines Hauler-Mutant | -10/Exiles Hauler-Mutant | -9/Mines Hauler-Mutant | -8/Materials Hauler-Mutant | -8/Garrison Hauler-Mutant | -8/Materials Bothacker-Mutant | -7/Factory Bothacker-Mutant | -7/Garrison Bothacker-Mutant | -7/Factory Bothacker-Mutant | -6/Factory Resources | -11 -10 -10 -10 -9 -8 -8 -8 -7 -7 -7 -6 ----------- Run | Scr Mat Min Exi Min Mat Gar Mat Fac Gar Fac Fac Matter Collected 1790 | 304 156 76 . 202 88 182 490 . 80 212 . Remotely . | . . . . . . . . . . . . Salvage Created 3508 | 125 441 190 . 131 127 551 874 . 668 401 . Parts 170 | 8 40 4 . 4 7 25 47 . 22 13 . Haulers Intercepted 3 | . 2 . . . . . . . . 1 . Recyclers Shooed 1 | . . . . . . . 1 . . . . Parts Field Recycled . | . . . . . . . . . . . . Retrieved Matter . | . . . . . . . . . . . . Parts Self-Destructed . | . . . . . . . . . . . . Prevented . | . . . . . . . . . . . . Kills | -11 -10 -10 -10 -9 -8 -8 -8 -7 -7 -7 -6 ------- Run | Scr Mat Min Exi Min Mat Gar Mat Fac Gar Fac Fac Combat Hostiles Destroyed 72 | . 8 4 . 2 2 14 21 . 13 8 . Melee 5 | . . . . . . . 5 . . . . Guns 49 | . 7 4 . 2 . 3 16 . 12 5 . Cannons 5 | . . . . . 2 3 . . . . . AOE 10 | . 1 . . . . 7 . . . 2 . Classes Destroyed 13 | 2 5 . . 2 . 1 1 . . 2 . Worker 2 | . . . . 1 1 . . . . . . Builder 2 | . 2 . . . . . . . . . . Tunneler 3 | 2 1 . . . . . . . . . . Hauler 3 | . 2 . . . . . . . . 1 . Recycler 1 | 1 . . . . . . . . . . . Operator 2 | . . . . . . . 2 . . . . Watcher 5 | . 3 . . . . . 1 . . 1 . Swarmer 12 | . 6 . . . . . 6 . . . . Grunt 44 | . 2 4 . . 1 12 10 . 11 4 . Brawler 1 | . . . . . . . . . . 1 . Sentry 9 | . . . . 2 1 1 4 . . 1 . Hunter 5 | . . . . . . 1 1 . 2 1 . Programmer 1 | . . . . . . . . . . 1 . Best Kill Streak 8 | 3 8 2 . 2 2 6 4 . 7 4 . Combat Bots Only 7 | . 5 2 . 2 1 6 4 . 7 3 . Max Kills in Single Turn 3 | 1 3 1 . 1 1 2 2 . 2 1 . Gunslinging 1 | . . . . . . . 1 . 1 . . Exploded 2 | . 1 . . . . 2 . . . 1 . Melee 1 | . . . . . . . 1 . . . . Uniques/NPCs Destroyed . | . . . . . . . . . . . . Combat | -11 -10 -10 -10 -9 -8 -8 -8 -7 -7 -7 -6 -------- Run | Scr Mat Min Exi Min Mat Gar Mat Fac Gar Fac Fac Damage Taken 4367 | . 212 201 . 751 149 499 822 . 1140 530 63 Core 470 | . 93 46 . 33 6 44 80 . 94 74 . Absorbed by Shields . | . . . . . . . . . . . . Core Remaining (%) 70 | 100 . . . 31 . . 76 . . 76 . Volleys Fired 270 | 8 29 10 . 32 7 32 51 . 52 48 1 Largest 2 | 2 2 2 . 1 2 2 2 . 2 2 1 Hottest 122 | 60 80 46 . 120 120 120 122 . 122 122 61 Shots Fired 393 | 16 58 20 . 32 10 35 93 . 77 51 1 Gun 340 | 16 58 20 . 17 5 9 91 . 77 46 1 Cannon 40 | . . . . 15 5 18 . . . 2 . Launcher 11 | . . . . . . 8 . . . 3 . Special 2 | . . . . . . . 2 . . . . Kinetic 134 | 8 14 20 . 17 5 3 65 . . 2 . Thermal 196 | . . . . 15 5 24 28 . 77 46 1 Explosive 11 | . . . . . . 8 . . . 3 . Electromagnetic 52 | 8 44 . . . . . . . . . . Robot Hit Streak 46 | 5 20 10 . 17 12 21 14 . 46 25 26 Robot Miss Streak 3 | 1 2 1 . 1 1 1 3 . 2 1 . Penetration Max 1 | . . . . . . . 1 . . . . Secondary Targets 6 | . . . . . . . 3 . 3 . . Max Gunslinging Chain 1 | . . . . . . . 1 . 1 . . Shots Hit Robots 346 | 11 44 18 . 23 8 30 88 . 67 51 6 Core Hits 157 | 4 20 9 . 6 4 30 37 . 25 22 . Critical Hits 6 | 1 1 . . . . 1 3 . . . . Critical Kills 3 | . 1 . . . . 1 1 . . . . Critical Parts Destroyed 3 | 1 . . . . . . 2 . . . . Melee Attacks 33 | . . . . . . . 22 . . 4 7 Impact . | . . . . . . . . . . . . Slashing 20 | . . . . . . . 20 . . . . Piercing . | . . . . . . . . . . . . Sneak Attacks 8 | . . . . . . . 3 . . 1 4 Combat Hostiles 4 | . . . . . . . . . . . 4 Follow-up Attacks . | . . . . . . . . . . . . Damage Inflicted 8236 | 144 714 270 . 770 203 1160 2359 . 1340 1256 20 Guns 5039 | 144 554 270 . 243 62 148 1328 . 1340 930 20 Cannons 1106 | . . . . 527 141 382 . . . 56 . Explosions 1060 | . 160 . . . . 630 . . . 270 . Melee 1010 | . . . . . . . 1010 . . . . Ramming . | . . . . . . . . . . . . Kinetic 1806 | 62 151 270 . 243 62 54 908 . . 56 . Thermal 4035 | . 160 . . 527 141 476 441 . 1340 930 20 Explosive 900 | . . . . . . 630 . . . 270 . Electromagnetic 485 | 82 403 . . . . . . . . . . Impact . | . . . . . . . . . . . . Slashing 1010 | . . . . . . . 1010 . . . . Piercing . | . . . . . . . . . . . . Highest Corruption 3 | . . . . . . . . . . 3 . Average Corruption 2 | . . . . . . . . . . 2 . Corruption Purged . | . . . . . . . . . . . . Effects 7 | . . . . . . . . . . 7 . Message Errors 1 | . . . . . . . . . . 1 . Matter Fused 1 | . . . . . . . . . . 1 . Heat Flow Errors 2 | . . . . . . . . . . 2 . Energy Discharges 1 | . . . . . . . . . . 1 . Targeting Errors 1 | . . . . . . . . . . 1 . Weapon Failures 1 | . . . . . . . . . . 1 . Overload Shots . | . . . . . . . . . . . . Overflow Damage 293 | . . . . 77 . . 216 . . . . Projectiles 77 | . . . . 77 . . . . . . . Explosions . | . . . . . . . . . . . . Melee 216 | . . . . . . . 216 . . . . Knockbacks . | . . . . . . . . . . . . Impact . | . . . . . . . . . . . . Kinetic . | . . . . . . . . . . . . Secondary . | . . . . . . . . . . . . Self-Inflicted Damage 158 | . 49 . . . . 28 . . . 81 . Shots 5 | . 2 . . . . 1 . . . 2 . Rammed . | . . . . . . . . . . . . Targets Rammed . | . . . . . . . . . . . . Kicked . | . . . . . . . . . . . . Crushed . | . . . . . . . . . . . . Highest Temperature 420 | . 261 15 . 420 165 248 324 . 327 157 12 Average Temperature 93 | . 81 7 . 143 60 101 56 . 134 21 9 Received Heat Transfer 2028 | . 51 150 . 153 72 324 396 . 729 144 9 Effects 6 | . . . . 4 . 1 . . 1 . . Energy Bleed 1 | . . . . 1 . . . . . . . Interference 4 | . . . . 2 . 1 . . 1 . . Matter Decay 1 | . . . . 1 . . . . . . . Siege Activations . | . . . . . . . . . . . . Robots Corrupted . | . . . . . . . . . . . . Combat Hostiles . | . . . . . . . . . . . . Parts Fried 2 | . 2 . . . . . . . . . . Impact Corruptions . | . . . . . . . . . . . . Robots Melted 3 | . . . . . . 1 . . 1 1 . Combat Hostiles 3 | . . . . . . 1 . . 1 1 . Parts Melted 7 | . . . . . 1 . . . 2 4 . Heat Transferred 7572 | . 200 . . 1200 271 906 851 . 2479 1628 37 Parts Sabotaged . | . . . . . . . . . . . . Parts Stolen . | . . . . . . . . . . . . Parts Stripped . | . . . . . . . . . . . . Power Chain Reactions 2 | . 2 . . . . . . . . . . Missiles Intercepted . | . . . . . . . . . . . . Alert | -11 -10 -10 -10 -9 -8 -8 -8 -7 -7 -7 -6 ------- Run | Scr Mat Min Exi Min Mat Gar Mat Fac Gar Fac Fac Peak Influence 395 | 15 326 109 . 52 145 395 298 115 385 175 118 Initial 170 | . 8 . . . 16 . 165 115 70 170 73 Average 126 | 4 116 41 . 9 27 260 146 115 264 108 78 Maximum Alert Level 1 | . 1 . . . . 1 1 . 1 . . Low Security (%) 74 | 100 80 100 . 100 100 33 68 100 22 100 100 Level 1 25 | . 19 . . . . 66 31 . 77 . . Level 2 . | . . . . . . . . . . . . Level 3 . | . . . . . . . . . . . . Level 4 . | . . . . . . . . . . . . Level 5 . | . . . . . . . . . . . . High Security . | . . . . . . . . . . . . Max Security . | . . . . . . . . . . . . Squads Dispatched 10 | . 1 . . . 1 . 5 . . 3 . Investigation 4 | . 1 . . . . . 2 . . 1 . Extermination 1 | . . . . . . . . . . 1 . Reinforcement 3 | . . . . . . . 2 . . 1 . Assault 1 | . . . . . . . 1 . . . . Garrison 1 | . . . . . 1 . . . . . . Intercept . | . . . . . . . . . . . . Construction Impeded . | . . . . . . . . . . . . Haulers Reinforced . | . . . . . . . . . . . . Stealth | -11 -10 -10 -10 -9 -8 -8 -8 -7 -7 -7 -6 --------- Run | Scr Mat Min Exi Min Mat Gar Mat Fac Gar Fac Fac Distress Signals 6 | . 1 . . . 1 . 4 . . . . Communications Jammed . | . . . . . . . . . . . . Distress Signals . | . . . . . . . . . . . . Times Spotted 139 | . 21 4 . 6 13 14 39 . 17 16 9 Peak Tracking Total 8 | . 6 2 . 3 5 6 4 . 8 4 6 Tactical Retreats 6 | . 2 . . 1 . . 1 . 1 . 1 Traps | -11 -10 -10 -10 -9 -8 -8 -8 -7 -7 -7 -6 ------- Run | Scr Mat Min Exi Min Mat Gar Mat Fac Gar Fac Fac Traps Triggered 7 | . 1 . . . . 3 1 . 2 . . Indirectly . | . . . . . . . . . . . . Trap Hack Attempts . | . . . . . . . . . . . . Triggered . | . . . . . . . . . . . . Disarmed 6 | . 6 . . . . . . . . . . Reprogrammed . | . . . . . . . . . . . . Reused . | . . . . . . . . . . . . Traps Extracted . | . . . . . . . . . . . . Installed . | . . . . . . . . . . . . Triggered . | . . . . . . . . . . . . Machines | -11 -10 -10 -10 -9 -8 -8 -8 -7 -7 -7 -6 ---------- Run | Scr Mat Min Exi Min Mat Gar Mat Fac Gar Fac Fac Machines Disabled 12 | . 1 1 . . . 2 6 . 1 1 . Max in Single Turn 1 | . 1 1 . . . 1 1 . 1 1 . Garrison Access 1 | . . . . . . . 1 . . . . Garrison Relay 3 | . . . . . . 2 . . 1 . . Machines Sabotaged . | . . . . . . . . . . . . Garrisons Compromised . | . . . . . . . . . . . . Overloaded Fab Kills . | . . . . . . . . . . . . Fab Network Shutdowns . | . . . . . . . . . . . . Hacking | -11 -10 -10 -10 -9 -8 -8 -8 -7 -7 -7 -6 --------- Run | Scr Mat Min Exi Min Mat Gar Mat Fac Gar Fac Fac Machines Accessed 25 | . 10 . 1 1 3 . 5 1 . 4 . Terminals 14 | . 8 . . . 1 . 3 . . 2 . Fabricators 1 | . . . . . . . . . . 1 . Repair Stations 4 | . 1 . . . 1 . 1 . . 1 . Recycling Units 1 | . 1 . . . . . . . . . . Scanalyzers . | . . . . . . . . . . . . Garrison Access 3 | . . . . . 1 . 1 1 . . . Total Hacks 70 | . 35 . 1 1 9 . 15 1 . 8 . Successful 41 | . 21 . 1 1 4 . 10 1 . 3 . Failed 29 | . 14 . . . 5 . 5 . . 5 . Catastrophic 6 | . 3 . . . . . 1 . . 2 . Database Lockouts . | . . . . . . . . . . . . Manual 41 | . 23 . 1 . 7 . 7 . . 3 . Terminals 51 | . 31 . . . 7 . 10 . . 3 . Fabricators 3 | . . . . . . . . . . 3 . Repair Stations 8 | . 2 . . . 1 . 3 . . 2 . Recycling Units 2 | . 2 . . . . . . . . . . Scanalyzers . | . . . . . . . . . . . . Garrison Access 4 | . . . . . 1 . 2 1 . . . Terminal Hacks 21 | . 12 . 1 1 2 . 5 . . . . Part Schematic 2 | . 2 . . . . . . . . . . Prototype ID Bank 2 | . 2 . . . . . . . . . . Open Door 1 | . . . . 1 . . . . . . . Branch Access Points 2 | . 1 . . . . . 1 . . . . Terminal Index 3 | . 1 . . . 1 . 1 . . . . Repair Station Index 1 | . . . . . . . 1 . . . . Garrison Index 2 | . 1 . . . . . 1 . . . . Unreport Threat 1 | . . . . . 1 . . . . . . Disarm Traps 1 | . 1 . . . . . . . . . . Patrol Status 1 | . 1 . . . . . . . . . . Recall Investigation 1 | . 1 . . . . . . . . . . Hauler Manifests 1 | . 1 . . . . . . . . . . Registered Components 1 | . 1 . . . . . . . . . . Zone Layout 1 | . . . . . . . 1 . . . . EX-Prototype ID Bank 1 | . . . 1 . . . . . . . . Fabricator Hacks 1 | . . . . . . . . . . 1 . Load Schematic 1 | . . . . . . . . . . 1 . Repair Station Hacks 6 | . 2 . . . . . 2 . . 2 . Scan Component 3 | . 1 . . . . . 1 . . 1 . Repair 3 | . 1 . . . . . 1 . . 1 . Recycling Unit Hacks 2 | . 2 . . . . . . . . . . Report Inventory 1 | . 1 . . . . . . . . . . Retrieve Components 1 | . 1 . . . . . . . . . . Scanalyzer . | . . . . . . . . . . . . Garrison Access Hacks 4 | . . . . . 1 . 2 1 . . . Unlock Access 3 | . . . . . 1 . 1 1 . . . Coupler Status 1 | . . . . . . . 1 . . . . Unauthorized Hacks 7 | . 5 . . . 1 . 1 . . . . Terminals 7 | . 5 . . . 1 . 1 . . . . Botnet 7 | . 5 . . . 1 . 1 . . . . Fabricators . | . . . . . . . . . . . . Repair Stations . | . . . . . . . . . . . . Recycling Units . | . . . . . . . . . . . . Scanalyzers . | . . . . . . . . . . . . Garrison Access . | . . . . . . . . . . . . Data Cores Recovered . | . . . . . . . . . . . . Used . | . . . . . . . . . . . . Hacking Detections 20 | . 8 . . . 2 . 5 1 . 4 . Full Trace Events 3 | . 1 . . . . . 1 . . 1 . Feedback Events . | . . . . . . . . . . . . Feedback Blocked . | . . . . . . . . . . . . Robot Schematics Acquired . | . . . . . . . . . . . . Robots Built . | . . . . . . . . . . . . Matter . | . . . . . . . . . . . . Time . | . . . . . . . . . . . . Total Robot Build Rating . | . . . . . . . . . . . . Part Schematics Acquired 2 | . 2 . . . . . . . . . . Parts Built . | . . . . . . . . . . . . Matter . | . . . . . . . . . . . . Time . | . . . . . . . . . . . . Total Part Build Rating . | . . . . . . . . . . . . Parts Repaired 3 | . 1 . . . . . 1 . . 1 . Time 102 | . 26 . . . . . 44 . . 32 . Parts Recycled . | . . . . . . . . . . . . Recycled Matter . | . . . . . . . . . . . . Retrieved Matter . | . . . . . . . . . . . . Retrieved Components 4 | . 4 . . . . . . . . . . Parts Scanalyzed . | . . . . . . . . . . . . Part Schematics Acquired . | . . . . . . . . . . . . Parts Damaged . | . . . . . . . . . . . . Bothacking | -11 -10 -10 -10 -9 -8 -8 -8 -7 -7 -7 -6 ------------ Run | Scr Mat Min Exi Min Mat Gar Mat Fac Gar Fac Fac Used RIF Installer 2 | . . . . . . 1 . . 1 . . Coupler Efficiency 1 | . . . . . . . . . 1 . . Robots Hacked 6 | . . . . . . . 2 . . 3 1 Non-combat 5 | . . . . . . . 2 . . 3 . Combat 1 | . . . . . . . . . . . 1 Robot Hacks Applied 6 | . . . . . . . 2 . . 3 1 map_route 2 | . . . . . . . . . . 2 . reboot_system 1 | . . . . . . . . . . . 1 streamctrl_low 3 | . . . . . . . 2 . . 1 . Relay Couplers Released 14 | . . . . . . 7 3 . 4 . . Machine Destruction 14 | . . . . . . 7 3 . 4 . . Attached 2 | . . . . . . . 1 . . . 1 Robots Rewired . | . . . . . . . . . . . . Allies Hacked . | . . . . . . . . . . . . Hacks Repelled . | . . . . . . . . . . . . Allies | -11 -10 -10 -10 -9 -8 -8 -8 -7 -7 -7 -6 -------- Run | Scr Mat Min Exi Min Mat Gar Mat Fac Gar Fac Fac Total Allies 6 | . . . . 3 . . 2 . . 1 . Largest Group 3 | . . . . 3 3 . 1 . . 1 . Highest-Rated Group 40 | . . . . 40 40 . 12 . . 11 . Highest-Rated Ally 16 | . . . . 16 16 . 12 . . 11 . Total Orders 3 | . . . . . . . 2 . . 1 . AID 2 | . . . . . . . 1 . . 1 . DROP 1 | . . . . . . . 1 . . . . Ally Attacks 27 | . . . . 6 21 . . . . . . Total Damage 326 | . . . . 69 257 . . . . . . Kills 7 | . . . . 3 4 . . . . . . Allies Corrupted . | . . . . . . . . . . . . Allies Melted . | . . . . . . . . . . . . Intel | -11 -10 -10 -10 -9 -8 -8 -8 -7 -7 -7 -6 ------- Run | Scr Mat Min Exi Min Mat Gar Mat Fac Gar Fac Fac Robot Analysis Total . | . . . . . . . . . . . . Derelict Logs Recovered 2 | . . 1 . 1 . . . . . . . Drone Launches . | . . . . . . . . . . . . Drone Recoveries . | . . . . . . . . . . . . Exploration | -11 -10 -10 -10 -9 -8 -8 -8 -7 -7 -7 -6 ------------- Run | Scr Mat Min Exi Min Mat Gar Mat Fac Gar Fac Fac Turns Passed 9658 | 127 1502 449 1400 1153 402 1100 1882 49 595 946 53 Spaces Moved 4314 | 63 804 231 684 446 167 498 747 28 237 394 15 Core 7 | 7 . . . . . . . . . . . Treads 989 | . . . . 161 57 . 597 28 146 . . Legs 3318 | 56 804 231 684 285 110 498 150 . 91 394 15 Wheels . | . . . . . . . . . . . . Hover . | . . . . . . . . . . . . Flight . | . . . . . . . . . . . . Fastest Speed 50 | 50 120 180 120 215 182 182 145 165 165 180 180 Average Speed 186 | 133 157 180 200 236 202 193 174 165 183 186 180 Slowest Speed 285 | 150 180 180 240 240 260 215 285 165 270 210 180 Overloaded Moves . | . . . . . . . . . . . . Propulsion Burnouts . | . . . . . . . . . . . . Robots Hopped . | . . . . . . . . . . . . Cave-ins Triggered . | . . . . . . . . . . . . Exploration Rate (%) 42 | 6 93 55 86 92 23 59 47 2 33 12 1 Regions Visited 11 Branch Regions 3 Pre-discovered Areas 1 | . . 1 . . . . . . . . . Known Exits Taken 3 | . 1 . . . 1 . . 1 . . . Unknown Exits Taken 6 | 1 . 1 1 1 . . 1 . . 1 . Scrap Searched 3 | . . 1 . 2 . . . . . . . Spaces Dug . | . . . . . . . . . . . . Terrain Destroyed 51 | . 2 . . . . 5 1 . . 43 . Melee . | . . . . . . . . . . . . Projectile 1 | . . . . . . . 1 . . . . AOE 50 | . 2 . . . . 5 . . . 43 . Terrain Rammed . | . . . . . . . . . . . . Walls Destroyed . | . . . . . . . . . . . . Machines Disabled . | . . . . . . . . . . . . Actions | -11 -10 -10 -10 -9 -8 -8 -8 -7 -7 -7 -6 --------- Run | Scr Mat Min Exi Min Mat Gar Mat Fac Gar Fac Fac Total 5510 | 86 987 245 718 511 220 607 1196 30 328 550 32 Wait 584 | . 111 2 . 30 36 20 297 . 10 73 5 Move 4303 | 62 803 230 683 445 166 496 746 28 236 393 15 Hop . | . . . . . . . . . . . . Pick Up 120 | 7 16 3 16 1 2 21 38 . 12 4 . Fast Attach 42 | 7 5 . 7 . 4 3 8 . 1 7 . Attach 21 | 1 2 . . . 2 3 6 2 3 . 2 Detach 9 | . 1 . 1 . 2 1 4 . . . . Swap 38 | . 6 . 1 3 1 5 8 . 2 10 2 Drop 71 | 1 14 . 10 . . 11 16 . 8 11 . Fire 270 | 8 29 10 . 32 7 32 51 . 52 48 1 Melee 33 | . . . . . . . 22 . . 4 7 Ram . | . . . . . . . . . . . . Kick . | . . . . . . . . . . . . Crush . | . . . . . . . . . . . . Escape Stasis 19 | . . . . . . 15 . . 4 . . Rewire . | . . . . . . . . . . . . Trap . | . . . . . . . . . . . . Miscellaneous . | . . . . . . . . . . . . Route ------- -11/Scrapyard -10/Materials (discovered 5 exits: [*Mat x3] / *Min x2) -10/Mines (discovered 3 exits: [*Mat x2] / *Exi) -10/Exiles (discovered 2 exits: *Min x2) -9/Mines -8/Materials -8/Garrison (discovered 2 exits: *Mat x2) -8/Materials (discovered 2 exits: *Fac x2) -7/Factory -7/Garrison -7/Factory -6/Factory History --------- Turn | Location | Event 14 | -11/Scrapyard | Discovered new exit (range 15) 128 | -11/Scrapyard | Entered Materials 149 | -10/Materials | Discovered new exit (range 7) 310 | -10/Materials | Build established: Mutant 315 | -10/Materials | Discovered new exit (range 15) 323 | -10/Materials | Identified exit to Mines 629 | -10/Materials | Discovered new exit (range 4) 969 | -10/Materials | Discovered new exit (range 15) 1020 | -10/Materials | Repaired Aluminum Leg 1432 | -10/Materials | Discovered new exit (range 11) 1630 | -10/Materials | Entered Mines 1636 | -10/Mines | Discovered new exit (range 11) 1787 | -10/Mines | Discovered new exit (range 9) 1902 | -10/Mines | Core integrity fell below 50% 2011 | -10/Mines | Learned location of Zion (-6) 2070 | -10/Mines | Deemed a non-threat by the Exiles lab entrance 2072 | -10/Mines | Discovered new exit (range 5) 2079 | -10/Mines | Entered Exiles 2108 | -10/Exiles | Discovered new exit (range 15) 2155 | -10/Exiles | Met 8R-AWN 2184 | -10/Exiles | Met EX-HEX 2295 | -10/Exiles | Met EX-DEC 2349 | -10/Exiles | Met EX-BIN 2385 | -10/Exiles | Aligned with FarCom system 2386 | -10/Exiles | Given EX-Vault access code 2413 | -10/Exiles | Opened EX-Vault 2425 | -10/Exiles | Found Gui. Plasma Cannon 2433 | -10/Exiles | Found Cloak of Protection 2468 | -10/Exiles | Warned to stay clear of 0b10 Research branches 2842 | -10/Exiles | Found Army-in-a-Box 2932 | -10/Exiles | Build established: Hauler-Mutant 3026 | -10/Exiles | Visited The Gauntlet 3457 | -10/Exiles | Discovered new exit (range 10) 3479 | -10/Exiles | Stole two prototypes: Gui. Plasma Cannon, Cloak of Protection 3479 | -10/Exiles | Entered Mines 3531 | -9/Mines | YI-UF0 nonchalantly dropped a Grenade Launcher on the ground 3994 | -9/Mines | Learned 2 Materials zone layouts 4017 | -9/Mines | Met a Derelict who couldn't figure out how to use a Trap Extractor 4230 | -9/Mines | Joined a pair of Derelicts in attacking an 0b10 outpost 4350 | -9/Mines | Assisted by bots powering up and referring to "LRC-V3" 4599 | -9/Mines | Discovered new exit (range 13) 4632 | -9/Mines | Entered Materials 4632 | -8/Materials | Accompanied by 3 allies 4632 | -8/Materials | Evolved 4 slots: Propulsion x2, Utility x2 5001 | -8/Materials | Garrison activated, responded to threat 5028 | -8/Materials | Identified exit to Garrison 5034 | -8/Materials | Entered Garrison 5044 | -8/Garrison | Installed Relay Interface Framework 5180 | -8/Garrison | Triggered checkpoint 5284 | -8/Garrison | Discovered new exit (range 15) 5378 | -8/Garrison | Triggered checkpoint 5400 | -8/Garrison | Garrison Relay disabled 5622 | -8/Garrison | Triggered checkpoint 5693 | -8/Garrison | Garrison Relay disabled 5972 | -8/Garrison | Triggered checkpoint 6100 | -8/Garrison | Discovered new exit (range 13) 6134 | -8/Garrison | Entered Materials 6781 | -8/Materials | Discovered new exit (range 13) 7699 | -8/Materials | Repaired Greatsword 7827 | -8/Materials | Build established: Bothacker-Mutant 7921 | -8/Materials | Discovered new exit (range 15) 7996 | -8/Materials | Identified exit to Garrison 8016 | -8/Materials | Entered Factory 8016 | -7/Factory | Evolved 2 slots: Utility x2 8018 | -7/Factory | FarCom data flow suspended 8065 | -7/Factory | Identified exit to Garrison 8065 | -7/Factory | Entered Garrison 8168 | -7/Garrison | Triggered checkpoint 8198 | -7/Garrison | Garrison Relay disabled 8320 | -7/Garrison | Triggered checkpoint 8401 | -7/Garrison | Destroyed 7 combat bots 8412 | -7/Garrison | Triggered checkpoint 8412 | -7/Garrison | Triggered checkpoint 8492 | -7/Garrison | Triggered checkpoint 8534 | -7/Garrison | Discovered new exit (range 8) 8561 | -7/Garrison | Expanded RIF knowledge: Coupler Efficiency 8636 | -7/Garrison | Triggered checkpoint 8660 | -7/Garrison | Entered Factory 9091 | -7/Factory | Repaired Imp. Ion Engine 9506 | -7/Factory | Discovered new exit (range 28) 9606 | -7/Factory | Entered another Factory area 9606 | -6/Factory | Evolved 2 slots: Power x1, Utility x1 9659 | -6/Factory | Self-destructed Last Messages --------------- PARAMETERS=POWER_1,UTILITY_1 LOCATION=UNKNOWN GOAL=ESCAPE 09618_ K-01 Serf collects debris. 09632_ Discarded Relay Coupler [NC]. 09638_ K-01 Serf cleans the Construction Platform. 09642_ Jacked G-67 Veteran... >>reboot_system Initiating full reboot, ETC: 25. [Achievement: Factory Defaults] 09644_ K-01 Serf cleans the Construction Platform. 09644_ Sneak attack on G-67 Veteran. 09644_ G-67 Veteran system offline. 09646_ Sneak attack on G-67 Veteran. 09646_ G-67 Veteran system offline. 09648_ Sneak attack on G-67 Veteran. 09648_ G-67 Veteran system offline. 09650_ Sneak attack on G-67 Veteran. 09650_ G-67 Veteran system offline. 09659_ Humpback destroyed. Map ----- +----------------------------------------------------+ | ????????????????? #??????????????????? | | ????????????????? #??????????????????? | | ????????????????# #??????????????????? | | ????????????????# #??????????????????? | | ????????????????# #??????????????????? | | ????????????????+ +??????????????????? | | ????????????????# #??????????????????? | | ????????????????# #??????????????????? | | ????????????????# #??????????????????? | | ????????????????# ##+#+#?????????????? | | ????????????????# #?????????????? | | ????????????????# #?????????????? | | ????????????????# #?????????????? | | ????????????????# #?????????????? | | ????????????????# #?????????????? | | ??????????????### ###???????????? | | ??????????????# #???????????? | | ??????????????# #???????????? | | ??????????????# +???????????? | | ??????????????# #???????????? | | ??????????????# #???????????? | | ?????????????######/######## #???????????? | | ?????????????# kg !#??????????????? | | ?????????????+ [!!#??????????????? | | ?????????????# !=!s#??????????????? | | ?????????????# """" """"*@## ######??????? | | ?????????????+ """" """"]!g| #?? | | ?????????????# """" """"!|##+######??????? | | ?????????????# """" """"![#?? ??????????? | | ?????????????# """" """" #??? #?????????? | | ?????????????# """" """" #??????????????? | | ?????????????+ """" """"ss#??????????????? | | ???????????????? #??????????????? | | ???????????????? #??????????????? | | ????????????????#+#########??????????????? | | ????????????????# ???????????????????????? | | ????????????????# ???????????????????????? | | ?????????????????????????????????????????? | | ?????????????????????????????????????????? | | ?????????????????????????????????????????? | | ?????????????????????????????????????????? | | ?????????????????????????????????????????? | | | | | | | | | | | | | | | | | +----------------------------------------------------+ Best States ------------- Heat Dissipation 56 Energy Generation 23 Energy Capacity 565 Matter Stores 300 Matter Capacity 300 Sight Range 22 Robot Scan Range 13 Terrain Scan Range 16 Terrain Scan Density 85 ECM Strength 2 Cloak Strength 5 Armor Coverage 150 Resistance: KI 20 Resistance: TH 20 Resistance: EX 20 Resistance: EM 20 Resistance: I 20 Resistance: S 20 Resistance: P 20 Weapon Shielding 66 Evasion (%) 40 Recoil Reduction 4 Offensive Hacking 10 Relay Coupler Types 35 Relay Coupler Value 1 Item Schematics ----------------- Hcp. Storage Unit | -10/Materials | Hacked Grenade Launcher | -10/Materials | Hacked Robot Schematics ------------------ None Fabricated ------------ Nothing Alien Tech Used ----------------- None Achievements -------------- Factory Defaults Challenges ------------ None Game ------ Seed FlakBladeSlayer Manual? 0 Play Time 01:05:55 Cumulative 94.5 hours Start 2020.11.10 @ 14:13:27 End 2020.11.10 @ 22:20:29 Sessions 3 Manual Loads 0 Difficulty Adventurer Special Mode Halloween2020/ForbiddenLore Game No. 57 Rogue 7 Adventurer 16 Explorer 34 Win Type - Total 4 Types 4/0/0/0/0/0/0/0/0 Lore% 42 Gallery% 66 Achievement% 51 Wizard Run 0 Options --------- ASCII 0 Keyboard 0 Movement Mouse Keybinds 0 Fullscreen 2 Font 18/Terminus Map View 76x50 Tactical HUD 1 Map Filters NONE Filters NONE Steam 1 RUN: f08ca6a4-d7d0-4850-b973-1deeea41b49c